[Event "Titled Tuesday Blitz August 22 Late 2023"]
[White "Chigaev, Maksim"]
[Black "Mamedov, Rauf"]
[WhiteFideId "4108116"]
[BlackFideId "13401653"]
[WhiteElo "2957"]
[BlackElo "3036"]
[Result "1-0"]
[Round "5"]
[TimeControl "180+1"]
[Date "2023.08.22"]
[WhiteClock "0:00:05"]
[BlackClock "0:00:00"]
[Board "4"]

1. e4 c5 2. Ne2 Nc6 3. Nbc3 g6 4. g3 Bg7 5. Bg2 d6 6. d3 Nf6 7. O-O h5 8. h3 h4 9. g4 Nxg4 10. hxg4 Bxg4 11. f3 Bd7 12. f4 h3 13. Bf3 Nd4 14. Nxd4 cxd4 15. Ne2 Qb6 16. Kh1 Rc8 17. b3 f5 18. Bb2 fxe4 19. Bxe4 h2 20. Rc1 Bg4 21. Qe1 Bf6 22. c4 Rh3 23. Qf2 Re3 24. Rce1 Rxc4 25. Bxg6+ Kd8 26. dxc4 Qc6+ 27. Qg2 Qxg2+ 28. Kxg2 Bh3+ 29. Kxh2 Bxf1 30. Bh5 Rh3+ 31. Kg1 Rxh5 32. Kxf1 Rh1+ 33. Ng1 Rh4 34. Bc1 Kd7 35. Kg2 e5 36. Nf3 Rh5 37. Kg3 d3 38. Kg4 Rh8 39. fxe5 Be7 40. e6+ Kc6 41. Rd1 Rg8+ 42. Kf4 d5 43. Ne5+ Kd6 44. Nxd3 dxc4 45. bxc4 Kxe6 46. Ke4 Bd6 47. Nf4+ Ke7 48. Be3 Rc8 49. Nd5+ Ke6 50. Rc1 Rh8 51. Nf4+ Kd7 52. c5 Bc7 53. Rd1+ Kc6 54. Rg1 Re8+ 55. Kf3 Rf8 56. Rg6+ Kb5 57. Rg7 Kc6 58. Ke4 Re8+ 59. Kd3 Rd8+ 60. Kc4 Re8 61. Rg6+ Kd7 62. Nd5 Be5 63. Bd4 Bxd4 64. Kxd4 Re2 65. Rg7+ Kc8 66. a4 Ra2 67. Nc3 Rc2 68. Kc4 Rc1 69. Kb3 Re1 70. Kb4 Rc1 71. a5 Rh1 72. a6 bxa6 73. Rxa7 Rh4+ 74. Kb3 Kb8 75. Rxa6 Kb7 76. Rb6+ Kc8 77. Rb4 Rh5 78. Kc4 Kc7 79. Nd5+ Kd7 80. Rb7+ Kc8 81. Rc7+ Kd8 82. Rg7 Rh6 83. Kb5 Rh5 84. Nb4 Rh1 85. Nc6+ Kc8 86. Nd4 Rh6 87. Nf5 Rh1 88. Rf7 Kd8 89. Kc6 Rb1 90. Rd7+ Ke8 91. Nd6+ Kf8 92. Kc7 Ra1 93. c6 Rb1 94. Kc8 Ra1 95. c7 Rb1 96. Kd8 Re1 97. Rf7+ Kg8 98. c8=Q Re3 99. Qg4+ 1-0


[Site "https://www.chess.com"]

[Event "Titled Tuesday Blitz August 22 Late 2023"]
[White "Sadhwani, Raunak"]
[Black "Drygalov, Sergey"]
[WhiteFideId "35093487"]
[BlackFideId "24171743"]
[WhiteElo "3023"]
[BlackElo "2950"]
[Result "1-0"]
[Round "5"]
[TimeControl "180+1"]
[Date "2023.08.22"]
[WhiteClock "0:00:15"]
[BlackClock "0:00:00"]
[Board "5"]

1. d4 Nf6 2. Nc3 d5 3. Bf4 a6 4. e3 b5 5. h4 c5 6. dxc5 Nc6 7. a3 h6 8. b4 e5 9. Bg3 d4 10. exd4 exd4 11. Nce2 a5 12. Nf4 axb4 13. Bxb5 Bd7 14. Bxc6 Bxc6 15. axb4 Ne4 16. Nge2 Nxg3 17. Rxa8 Qxa8 18. Nxg3 Be7 19. O-O O-O 20. Nf5 Bf6 21. Qg4 Kh8 22. Nh5 Qd8 23. Nxf6 Qxf6 24. Nxd4 Bd5 25. Re1 Rd8 26. c3 g6 27. b5 Kh7 28. c6 Ra8 29. Qd7 Bc4 30. c7 Ra2 31. Nf3 Be6 32. Rxe6 Ra1+ 33. Re1 1-0


[Site "https://www.chess.com"]

[Event "Titled Tuesday Blitz August 22 Late 2023"]
[White "Matlakov, Maxim"]
[Black "Henriquez Villagra, Cristobal"]
[WhiteFideId "4168003"]
[BlackFideId "3409350"]
[WhiteElo "3010"]
[BlackElo "2939"]
[Result "1-0"]
[Round "5"]
[TimeControl "180+1"]
[Date "2023.08.22"]
[WhiteClock "0:00:49"]
[BlackClock "0:00:32"]
[Board "6"]

1. d4 d6 2. e4 Nf6 3. Nc3 Nbd7 4. f4 e5 5. Nf3 exd4 6. Qxd4 Nc5 7. Be3 Be7 8. O-O-O O-O 9. h3 Ne6 10. Qd2 Nc5 11. Bxc5 dxc5 12. Qe3 Qe8 13. e5 Nd7 14. g4 Nb6 15. f5 c6 16. Qf4 Bd8 17. f6 Kh8 18. Bd3 Nd5 19. Nxd5 cxd5 20. Qg5 Rg8 21. Bxh7 gxf6 22. Qxg8+ Qxg8 23. Bxg8 Kxg8 24. Rxd5 Be6 25. Rxc5 Bb6 26. Rb5 Bc4 27. Rb4 Bd5 28. Rf1 Re8 29. exf6 Ba5 30. Rf4 1-0


[Site "https://www.chess.com"]

[Event "Titled Tuesday Blitz August 22 Late 2023"]
[White "Xiong, Jeffery"]
[Black "Kramnik, Vladimir"]
[WhiteFideId "2047640"]
[BlackFideId "4101588"]
[WhiteElo "3003"]
[BlackElo "2936"]
[Result "1-0"]
[Round "5"]
[TimeControl "180+1"]
[Date "2023.08.22"]
[WhiteClock "0:00:23"]
[BlackClock "0:00:00"]
[Board "7"]

1. e4 c5 2. Nf3 e6 3. c3 d5 4. e5 Nc6 5. d4 Bd7 6. Bd3 cxd4 7. cxd4 Qb6 8. Bc2 Nb4 9. O-O Nxc2 10. Qxc2 Ne7 11. Nc3 Rc8 12. Qd3 a6 13. Bd2 Nf5 14. Rac1 h5 15. Na4 Qb5 16. Rxc8+ Bxc8 17. Qxb5+ axb5 18. Nb6 Bd7 19. Rc1 Bc6 20. Kf1 Be7 21. Nc8 Bf8 22. Na7 Kd7 23. a4 bxa4 24. Nxc6 bxc6 25. Ra1 Be7 26. Rxa4 Rb8 27. b4 Rb7 28. Ke2 f6 29. Kd3 Bd8 30. Ra8 Bb6 31. Rh8 Ra7 32. Rxh5 Ra3+ 33. Bc3 Ra2 34. Rh7 Rxf2 35. exf6 Rxg2 36. Ne5+ Kd6 37. f7 Ke7 38. Rh8 1-0


[Site "https://www.chess.com"]

[Event "Titled Tuesday Blitz August 22 Late 2023"]
[White "Grigorjev, Iljya"]
[Black "Van Foreest, Jorden"]
[WhiteFideId "24159565"]
[BlackFideId "1039784"]
[WhiteElo "2909"]
[BlackElo "3001"]
[Result "0-1"]
[Round "5"]
[TimeControl "180+1"]
[Date "2023.08.22"]
[WhiteClock "0:00:00"]
[BlackClock "0:00:53"]
[Board "8"]

1. e4 g6 2. d4 Bg7 3. Nc3 d6 4. Nf3 a6 5. a4 b6 6. Be3 Nd7 7. Bc4 e6 8. O-O Bb7 9. Re1 Ne7 10. Qd2 O-O 11. Bh6 Nf6 12. Rad1 Qd7 13. e5 Bxh6 14. Qxh6 Bxf3 15. exf6 Nf5 16. Qf4 Bxd1 17. Rxd1 e5 18. Qg5 Kh8 19. dxe5 Rae8 20. g4 Rg8 21. Qf4 Nh4 22. Qg3 g5 23. exd6 cxd6 24. Nd5 Re4 25. Ne3 Rge8 26. Bd5 Rxa4 27. h3 Qc7 28. c4 Qc5 29. Bxf7 Rf8 30. Be6 Rxf6 31. Rxd6 Ra1+ 32. Kh2 Rxf2+ 33. Qxf2 Qxd6+ 34. Qg3 Rh1+ 0-1


[Site "https://www.chess.com"]

[Event "Titled Tuesday Blitz August 22 Late 2023"]
[White "Durarbayli, Vasif"]
[Black "Vasquez Schroeder, Rodrigo"]
[WhiteFideId "13402935"]
[BlackFideId "3400042"]
[WhiteElo "2874"]
[BlackElo "2975"]
[Result "0-1"]
[Round "5"]
[TimeControl "180+1"]
[Date "2023.08.22"]
[WhiteClock "0:00:00"]
[BlackClock "0:00:24"]
[Board "9"]

1. e4 c6 2. d4 d5 3. exd5 cxd5 4. c4 Nf6 5. Nc3 e6 6. Nf3 Bb4 7. cxd5 Nxd5 8. Bd2 Nc6 9. Bd3 O-O 10. O-O Be7 11. Qe2 Nf6 12. Rad1 Nb4 13. Bb1 b6 14. Bg5 Ba6 15. Nb5 Rc8 16. Rfe1 g6 17. a4 Qd5 18. Qe5 Nc6 19. Qf4 Nh5 20. Qh4 Bxg5 21. Nxg5 Bxb5 22. Be4 Qd8 23. axb5 Nb4 24. Bf3 h6 25. Bxh5 hxg5 26. Qh3 gxh5 27. Qxh5 Qf6 28. Re5 Rfd8 29. Rxg5+ Kf8 30. h4 Rxd4 31. Re1 Rd5 32. Re3 Rc1+ 33. Kh2 Qxf2 34. Qh6+ Ke7 35. Rxe6+ fxe6 36. Rg7+ Kd6 37. Qxc1 Qxh4+ 38. Kg1 Qd4+ 39. Kh2 Qxg7 40. Qf4+ Qe5 0-1


[Site "https://www.chess.com"]

[Event "Titled Tuesday Blitz August 22 Late 2023"]
[White "Sanal, Vahap"]
[Black "Nihal Sarin"]
[WhiteFideId "6300545"]
[BlackFideId "25092340"]
[WhiteElo "2925"]
[BlackElo "3151"]
[Result "0-1"]
[Round "5"]
[TimeControl "180+1"]
[Date "2023.08.22"]
[WhiteClock "0:00:00"]
[BlackClock "0:00:11"]
[Board "10"]

1. e4 c6 2. Nf3 d5 3. Nc3 g6 4. d4 Bg7 5. h3 dxe4 6. Nxe4 Nf6 7. Bd3 Nxe4 8. Bxe4 Bf5 9. Bxf5 Qa5+ 10. c3 Qxf5 11. O-O O-O 12. Qb3 Qb5 13. Qxb5 cxb5 14. a4 bxa4 15. Rxa4 e6 16. Ne5 Rc8 17. Bf4 Nc6 18. Nd3 Bf8 19. Rfa1 a5 20. Ne5 b5 21. R4a2 a4 22. Nxc6 Rxc6 23. Rd1 b4 24. cxb4 Bxb4 25. d5 exd5 26. Rxd5 Rc2 27. Rd4 Bc5 28. Raxa4 Rxa4 29. Rxa4 Rxf2 30. Ra8+ Kg7 31. Bd6 Bb6 32. Kh2 h5 33. b4 h4 34. Be5+ f6 35. Rb8 Be3 36. Rb7+ Kh6 37. Bd6 Rf1 38. Bf8+ Kg5 39. Rb5+ f5 40. Be7+ Kh5 41. g4+ hxg3+ 42. Kxg3 g5 43. Kg2 Rf2+ 44. Kh1 Kh4 45. Rb6 Bxb6 0-1


[Site "https://www.chess.com"]

[Event "Titled Tuesday Blitz August 22 Late 2023"]
[White "Elsa167"]
[Black "So, Wesley"]
[BlackFideId "5202213"]
[WhiteElo "2892"]
[BlackElo "3091"]
[Result "1/2-1/2"]
[Round "5"]
[TimeControl "180+1"]
[Date "2023.08.22"]
[WhiteClock "0:00:04"]
[BlackClock "0:00:10"]
[Board "11"]

1. d4 e6 2. c4 d5 3. Nf3 Nf6 4. Nc3 a6 5. cxd5 exd5 6. Bg5 Be6 7. Bxf6 Qxf6 8. Qb3 Ra7 9. g3 Qd8 10. h4 Be7 11. Bh3 Bxh3 12. Rxh3 c6 13. Qc2 Nd7 14. Kf1 O-O 15. Kg2 Nf6 16. e3 Re8 17. Qf5 g6 18. Qc2 h5 19. Rhh1 Bd6 20. Rab1 Qe7 21. Rbe1 Raa8 22. a3 Kg7 23. Ng5 Qd7 24. Na4 Qc7 25. Nc5 Re7 26. b4 Rae8 27. Rhf1 Ng4 28. Nd3 a5 29. Qd2 axb4 30. axb4 Qb6 31. Nf3 Qb5 32. Nh2 Nf6 33. Nf3 Ng4 34. Nh2 Nf6 35. Nf3 Ne4 36. Qc2 Qb6 37. Rb1 Qc7 38. Nf4 Nf6 39. b5 Ng4 40. bxc6 bxc6 41. Rfc1 Rxe3 42. Qxc6 Bxf4 43. Qxc7 Bxc7 44. fxe3 Nxe3+ 45. Kh3 Bd6 46. Re1 Re4 47. Ng5 Re7 48. Rb3 Nf5 49. Rxe7 Bxe7 50. Nf3 Bd6 51. Rb5 Bxg3 52. Rxd5 Bf2 53. Rd7 Kf6 54. Ne5 Bxd4 55. Nxf7 Bf2 56. Ng5 Bxh4 57. Nh7+ Ke5 58. Nf8 Kf6 59. Nh7+ Ke5 60. Nf8 g5 61. Ng6+ Kf6 62. Nxh4 g4+ 63. Kh2 Nxh4 64. Kg3 Kg5 65. Rg7+ Ng6 66. Rg8 h4+ 67. Kh2 Kh5 68. Ra8 Ne7 69. Ra5+ Kg6 70. Kg2 Nf5 71. Kh2 Kg5 72. Ra8 Nd4 73. Rg8+ Kf4 74. Rh8 Nf3+ 75. Kg2 Kf5 76. Kf2 Kg5 77. Rg8+ Kh5 78. Rh8+ Kg6 79. Rg8+ Kf5 80. Rf8+ Ke4 81. Rh8 Kf4 82. Rf8+ Ke4 83. Rh8 Ke5 84. Re8+ Kf4 85. Rf8+ Ke4 1/2-1/2


[Site "https://www.chess.com"]

[Event "Titled Tuesday Blitz August 22 Late 2023"]
[White "Schmakel, Sam"]
[Black "Dubov, Daniil"]
[WhiteFideId "2039311"]
[BlackFideId "24126055"]
[WhiteElo "2772"]
[BlackElo "3043"]
[Result "0-1"]
[Round "5"]
[TimeControl "180+1"]
[Date "2023.08.22"]
[WhiteClock "0:00:00"]
[BlackClock "0:00:05"]
[Board "12"]

1. c4 e6 2. Nf3 d5 3. e3 Nf6 4. b3 b6 5. Bb2 Bb7 6. Be2 Bd6 7. O-O Nbd7 8. Nc3 a6 9. d4 Qe7 10. a3 h5 11. b4 dxc4 12. Bxc4 b5 13. Bd3 e5 14. e4 exd4 15. Nd5 Nxd5 16. exd5 O-O 17. Nxd4 Qg5 18. Nf5 Bxd5 19. g3 Rfe8 20. Nxg7 Ne5 21. Nxh5 Bf3 22. Qc1 Qxh5 23. Qf4 Nxd3 24. Qf6 Nxb2 25. Rae1 Be5 0-1


[Site "https://www.chess.com"]

[Event "Titled Tuesday Blitz August 22 Late 2023"]
[White "Skatchkov, Valery"]
[Black "Bluebaum, Matthias"]
[WhiteFideId "24195812"]
[BlackFideId "24651516"]
[WhiteElo "2675"]
[BlackElo "3030"]
[Result "0-1"]
[Round "5"]
[TimeControl "180+1"]
[Date "2023.08.22"]
[WhiteClock "0:00:04"]
[BlackClock "0:00:41"]
[Board "13"]

1. d4 d5 2. c4 e6 3. Nf3 Nf6 4. g3 Nc6 5. Bg2 Bd6 6. O-O O-O 7. Nc3 dxc4 8. Qa4 e5 9. dxe5 Nxe5 10. Nxe5 Bxe5 11. Qxc4 c6 12. Bf4 Be6 13. Qb4 Bxf4 14. Qxf4 Qb6 15. b3 a5 16. Na4 Qa7 17. Rac1 Rad8 18. Rfd1 Bd5 19. e4 Be6 20. Qc7 Rxd1+ 21. Rxd1 Bg4 22. Rd2 h5 23. Qb6 Qa8 24. h3 Be6 25. Nc5 Qc8 26. Kh2 h4 27. Qxb7 hxg3+ 28. fxg3 Qe8 29. Qc7 Bc8 30. Rd6 Qe5 31. Qxc6 Qb2 32. e5 Qxe5 33. Rd2 Bf5 34. Qd6 Qe1 35. Qf4 Bg6 36. Qf2 Qc1 37. Re2 Rd8 38. Nb7 Rd1 39. Nxa5 Qh6 40. Qf4 Qh5 41. Bf3 Qxa5 42. Rf2 Rd8 43. a4 Nd5 44. Qd4 Ne7 45. Qe3 Nf5 46. Qf4 Rd4 47. Qb8+ Kh7 48. g4 Nh4 49. Bh1 Rd3 50. Qg3 Rxg3 51. Kxg3 0-1


[Site "https://www.chess.com"]

[Event "Titled Tuesday Blitz August 22 Late 2023"]
[White "Nguyen, Ngoc Truong Son"]
[Black "Ganiev, Roman"]
[WhiteFideId "12401110"]
[BlackFideId "4131452"]
[WhiteElo "3005"]
[BlackElo "2583"]
[Result "1-0"]
[Round "5"]
[TimeControl "180+1"]
[Date "2023.08.22"]
[WhiteClock "0:01:09"]
[BlackClock "0:00:00"]
[Board "14"]

1. d4 Nf6 2. c4 e6 3. Nc3 Bb4 4. e3 O-O 5. Bd3 d5 6. Ne2 c5 7. O-O cxd4 8. exd4 dxc4 9. Bxc4 b6 10. Bg5 Bb7 11. Qd3 Nbd7 12. Rad1 h6 13. Bh4 Rc8 14. Bb3 Be7 15. Nf4 Nd5 16. Bxe7 Nxe7 17. Bxe6 fxe6 18. Nxe6 Qe8 19. Nxf8 Nxf8 20. d5 Rd8 21. Rfe1 Qf7 22. d6 Nf5 23. Nd5 Rxd6 24. Qxf5 Rxd5 25. Qxf7+ Kxf7 26. f3 Ne6 27. h4 Kf6 28. Kf2 g5 29. hxg5+ hxg5 30. Rxd5 Bxd5 31. b3 Nc5 32. Ke3 Ke5 33. Rh1 Ne6 34. Rh7 a6 35. Rh6 b5 36. g3 a5 37. Rh7 a4 38. bxa4 bxa4 39. a3 Bb3 40. Ra7 Kd5 41. Ra5+ Nc5 42. Ra7 Kc4 43. Rc7 Kd5 44. Rg7 Ne6 45. Rg6 Ke5 46. Rh6 Kf5 47. Rh8 Ke5 48. Ra8 Kf5 49. Ra5+ Kf6 50. Ke4 Bc2+ 51. Kd5 Bb3+ 52. Ke4 Bc2+ 53. Ke3 Bb3 54. Kd3 Ng7 55. Ke4 Ne6 56. Rf5+ Ke7 57. Ke5 1-0


[Site "https://www.chess.com"]

[Event "Titled Tuesday Blitz August 22 Late 2023"]
[White "Svane, Rasmus"]
[Black "Taboas Rodriguez, Daniel"]
[WhiteFideId "4657101"]
[BlackFideId "2208466"]
[WhiteElo "2989"]
[BlackElo "2568"]
[Result "1-0"]
[Round "5"]
[TimeControl "180+1"]
[Date "2023.08.22"]
[WhiteClock "0:00:12"]
[BlackClock "0:00:00"]
[Board "15"]

1. Nf3 Nf6 2. g3 b6 3. Bg2 Bb7 4. O-O g6 5. c4 Bg7 6. d4 O-O 7. Re1 e6 8. Bf4 c5 9. Nc3 Ne4 10. Qd3 d5 11. cxd5 exd5 12. Be5 f6 13. Bxb8 Rxb8 14. dxc5 bxc5 15. Red1 f5 16. Rab1 d4 17. Na4 Qa5 18. b3 Ba6 19. Qc2 Nc3 20. Nxc3 Qxc3 21. Rbc1 Rfe8 22. Qb1 Qb4 23. Ng5 Bb7 24. Bxb7 Rxb7 25. Qd3 Qb5 26. Rc4 Rbe7 27. Rd2 Re5 28. Nf3 Rd5 29. Rdc2 h6 30. h4 h5 31. Kf1 Bf6 32. Qd2 Kg7 33. Qc1 d3 34. exd3 Rxd3 35. Ne1 Qb7 36. Kg1 Rd5 37. Rxc5 Rxc5 38. Rxc5 Qe4 39. Rc7+ Kg8 40. Ng2 Be5 41. Rc4 Qd3 42. Qh6 Bg7 43. Qxg6 1-0


[Site "https://www.chess.com"]

[Event "Titled Tuesday Blitz August 22 Late 2023"]
[White "Zhu, Jiner"]
[Black "Naroditsky, Daniel"]
[WhiteFideId "8608059"]
[BlackFideId "2026961"]
[WhiteElo "2675"]
[BlackElo "3159"]
[Result "0-1"]
[Round "5"]
[TimeControl "180+1"]
[Date "2023.08.22"]
[WhiteClock "0:00:14"]
[BlackClock "0:01:01"]
[Board "16"]

1. e4 c5 2. Nf3 d6 3. Bb5+ Nd7 4. d4 cxd4 5. Qxd4 a6 6. Bxd7+ Bxd7 7. O-O e5 8. Qd3 h6 9. Nc3 Nf6 10. Nd2 b5 11. a4 Rb8 12. axb5 axb5 13. Rd1 Be7 14. Nf1 b4 15. Nd5 Nxd5 16. Qxd5 O-O 17. Ne3 Rc8 18. Qb3 Be6 19. Nd5 Bxd5 20. Rxd5 Qc7 21. Qxb4 Qxc2 22. h3 Rc4 23. Qb7 Qxe4 24. Be3 Rb4 25. Qc6 Rxb2 26. Ra7 Bg5 27. Bxg5 Rb1+ 28. Kh2 hxg5 29. Ra4 Qe1 30. Qxd6 Qh1+ 31. Kg3 Rg1 0-1


[Site "https://www.chess.com"]

[Event "Titled Tuesday Blitz August 22 Late 2023"]
[White "Makridis, Dimitrios"]
[Black "Duda, Jan-Krzysztof"]
[WhiteFideId "25864475"]
[BlackFideId "1170546"]
[WhiteElo "2716"]
[BlackElo "3076"]
[Result "0-1"]
[Round "5"]
[TimeControl "180+1"]
[Date "2023.08.22"]
[WhiteClock "0:00:09"]
[BlackClock "0:00:06"]
[Board "17"]

1. e4 g6 2. h4 h6 3. h5 g5 4. d4 c5 5. d5 e5 6. b3 d6 7. Bb2 Nf6 8. f3 g4 9. Nd2 Rg8 10. Qe2 Rg5 11. O-O-O Nxh5 12. Qf2 g3 13. Qe3 a6 14. Ne2 Nd7 15. f4 exf4 16. Nxf4 Nhf6 17. Nf3 Ng4 18. Qe1 Nf2 19. Be2 Rg4 20. Nh3 Nxh1 21. Qxh1 Rxe4 22. Bd3 Re7 23. Nf4 Qa5 24. Qh5 b5 25. Ne6 c4 26. Bg6 c3 27. Nfd4 Nf6 28. Qf3 cxb2+ 29. Kb1 fxg6 30. Nc6 Bxe6 31. Nxa5 Bf5 32. Nc6 Re4 33. Qxg3 Kf7 34. Kxb2 Rae8 35. Rd2 Bg7 36. Ka3 Re3 37. Qxd6 Bf8 0-1


[Site "https://www.chess.com"]

[Event "Titled Tuesday Blitz August 22 Late 2023"]
[White "Matinian, Nikita"]
[Black "Deac, Bogdan-Daniel"]
[WhiteFideId "24129100"]
[BlackFideId "1226380"]
[WhiteElo "2706"]
[BlackElo "3046"]
[Result "1-0"]
[Round "5"]
[TimeControl "180+1"]
[Date "2023.08.22"]
[WhiteClock "0:00:03"]
[BlackClock "0:00:05"]
[Board "18"]

1. e4 e5 2. Nf3 Nc6 3. Bb5 Nf6 4. O-O Nxe4 5. d4 Nd6 6. Bxc6 dxc6 7. dxe5 Nf5 8. Qxd8+ Kxd8 9. h3 Ne7 10. b3 Ng6 11. Bb2 h5 12. Nc3 h4 13. Ne4 Rh5 14. Rad1+ Ke8 15. Rfe1 a5 16. e6 Bxe6 17. Neg5 Nf4 18. Re4 Bd6 19. Rxd6 cxd6 20. Rxf4 a4 21. Bxg7 axb3 22. axb3 Ra2 23. c4 Ra3 24. b4 Rb3 25. c5 dxc5 26. bxc5 Bd5 27. Bf6 Rb5 28. Ne5 Rh6 29. Ng4 Rh5 30. Ra4 Kd7 31. Ne5+ Kc7 32. Ra8 Rxc5 33. Bd8+ Kd6 34. f4 Rc1+ 35. Kf2 Rc2+ 36. Ke3 Rxg2 37. Bb6 f6 38. Rd8+ Ke7 39. Rd7+ Ke8 40. Rd8+ Ke7 41. Ng6# 1-0


[Site "https://www.chess.com"]

[Event "Titled Tuesday Blitz August 22 Late 2023"]
[White "Bortnyk, Olexandr"]
[Black "Papasimakopoulos, Alexandros"]
[WhiteFideId "14120828"]
[BlackFideId "4244125"]
[WhiteElo "3030"]
[BlackElo "2704"]
[Result "1-0"]
[Round "5"]
[TimeControl "180+1"]
[Date "2023.08.22"]
[WhiteClock "0:00:18"]
[BlackClock "0:01:16"]
[Board "19"]

1. e4 e6 2. Nf3 d5 3. e5 c5 4. d4 cxd4 5. Bd3 b6 6. Nxd4 Ba6 7. Bxa6 Nxa6 8. O-O Ne7 9. c4 Nc5 10. Nc3 Rc8 11. Bg5 Qd7 12. Bxe7 Bxe7 13. cxd5 exd5 14. Qf3 Ne6 15. Nf5 d4 16. Nd5 Bc5 17. Nxg7+ Kf8 18. Nf6 Qc6 19. Nxe6+ Qxe6 20. Rac1 Rd8 21. Qf4 h5 22. Rfd1 d3 23. b4 Be7 24. Ne4 Qg4 25. Qxg4 hxg4 26. Nf6 d2 27. Rc4 Bxf6 28. exf6 b5 29. Rxd2 Re8 30. Rc1 Rh6 31. Rd6 Kg8 32. Rd4 Rg6 33. g3 Re2 34. Rc8+ Kh7 35. Rc5 Rxf6 36. Rxg4 a6 37. Rh5+ Rh6 38. Rxh6+ Kxh6 39. Rf4 Kg6 40. a3 f5 41. Rf3 Kg5 42. h4+ Kg6 43. Kg2 Rc2 44. Rd3 Kh5 45. Rd6 a5 46. bxa5 Rc3 47. Rd5 Kg6 48. Rxb5 Rxa3 49. Rb6+ Kh5 50. a6 f4 51. gxf4 Kxh4 52. f5 Kg5 53. f6 Kg6 54. Kf1 Kf7 55. Ke2 Ke8 56. f4 Kd7 57. Kd2 Kc7 58. f7 Kxb6 59. f8=Q Rxa6 60. Qd6+ Ka5 61. Qxa6+ Kxa6 62. f5 Kb6 63. f6 Kc6 64. f7 Kd5 65. f8=Q Ke4 66. Qf2 Kd5 67. Qe3 Kc4 68. Qd3+ Kb4 69. Qc3+ Ka4 70. Qb2 Ka5 71. Qb3 Ka6 72. Qb4 Ka7 73. Qb5 Ka8 74. Kc3 Ka7 75. Kc4 Ka8 76. Kc5 Ka7 77. Kc6 Ka8 78. Qb7# 1-0


[Site "https://www.chess.com"]

[Event "Titled Tuesday Blitz August 22 Late 2023"]
[White "Martinez Alcantara, Jose Eduardo"]
[Black "Schnaider, Ilan"]
[WhiteFideId "3805662"]
[BlackFideId "169013"]
[WhiteElo "3015"]
[BlackElo "2704"]
[Result "1-0"]
[Round "5"]
[TimeControl "180+1"]
[Date "2023.08.22"]
[WhiteClock "0:00:04"]
[BlackClock "0:00:01"]
[Board "20"]

1. e4 c5 2. Nf3 d6 3. c3 Nf6 4. h3 g6 5. Bd3 Bg7 6. Bc2 O-O 7. d4 cxd4 8. cxd4 Nc6 9. O-O e5 10. d5 Nb4 11. Nc3 a5 12. Be3 Bd7 13. Bb1 Ne8 14. a3 Na6 15. Qb3 b5 16. Bd3 Rb8 17. Qd1 f5 18. a4 Nb4 19. Bxb5 Bxb5 20. Nxb5 fxe4 21. Ng5 Nc7 22. Nxc7 Qxc7 23. Ne6 Qc4 24. Nxf8 Bxf8 25. Rc1 Qxd5 26. Qg4 Qf7 27. Qxe4 Bg7 28. Qg4 h5 29. Qe2 Kh7 30. Bd2 d5 31. Rc5 e4 32. Rb5 Rxb5 33. axb5 Nd3 34. f3 Bd4+ 35. Kh1 a4 36. fxe4 Nf2+ 37. Rxf2 Bxf2 38. exd5 Bc5 39. Qf3 Qd7 40. Qf4 Kg8 41. Qxa4 Qf5 42. Qc4 Qb1+ 43. Qc1 Qd3 44. Qxc5 Qxd2 45. Qc8+ Kh7 46. Qe6 Qc1+ 47. Kh2 Qf4+ 48. Kg1 Qc1+ 49. Kf2 Qxb2+ 50. Kf3 Qc3+ 51. Ke4 Qc4+ 52. Ke5 Qxb5 53. Qe7+ Kh6 54. Qf8+ Kh7 55. Qf7+ Kh6 56. Qf4+ Kh7 57. Qf7+ Kh6 58. Qc7 Qb2+ 59. Ke6 Qe2+ 60. Qe5 Qc4 61. Qh8+ Kg5 62. Qf6+ Kh6 63. Qf8+ Kh7 64. Qe7+ Kh6 65. Qd6 Qe4+ 66. Kd7 Qa4+ 67. Qc6 Qa7+ 68. Qc7 Qa4+ 69. Qc6 Qa7+ 70. Kc8 Qf7 71. d6 Qf8+ 72. Kc7 Qf7+ 73. d7 Qf4+ 74. Kc8 Qf5 75. h4 Qg4 76. Qc1+ Kh7 77. Qc6 Qf5 78. g3 Kh6 79. Kc7 Qe5+ 80. Kb7 Qb2+ 81. Kc8 Qh8+ 82. d8=Q Qg7 83. Qg5+ Kh7 84. Qd7 Kh8 85. Qxg7+ Kxg7 86. Qe7+ 1-0


[Site "https://www.chess.com"]

[Event "Titled Tuesday Blitz August 22 Late 2023"]
[White "Kourkoulos-Arditis, Stamatis"]
[Black "Grischuk, Alexander"]
[WhiteFideId "4221990"]
[BlackFideId "4126025"]
[WhiteElo "2703"]
[BlackElo "3004"]
[Result "0-1"]
[Round "5"]
[TimeControl "180+1"]
[Date "2023.08.22"]
[WhiteClock "0:00:10"]
[BlackClock "0:02:01"]
[Board "21"]

1. d4 Nf6 2. Bf4 g6 3. e3 Bg7 4. h3 O-O 5. Nf3 c5 6. c3 d6 7. Nbd2 cxd4 8. exd4 Nc6 9. Be2 e5 10. dxe5 dxe5 11. Nxe5 Nd5 12. Nxc6 bxc6 13. Bg3 Re8 14. O-O Bxc3 15. Nc4 Bxb2 16. Nxb2 Nc3 17. Qxd8 Nxe2+ 18. Kh2 Rxd8 19. Bh4 Rd5 20. Rfe1 Ba6 21. Na4 Bb5 22. Rab1 Rd4 23. Bf6 Rxa4 24. Rxb5 cxb5 25. Rxe2 Rf4 26. Be5 Re8 0-1


[Site "https://www.chess.com"]

[Event "Titled Tuesday Blitz August 22 Late 2023"]
[White "GaiozNigalidze"]
[Black "Andreikin, Dmitry"]
[BlackFideId "4158814"]
[WhiteElo "2703"]
[BlackElo "2983"]
[Result "0-1"]
[Round "5"]
[TimeControl "180+1"]
[Date "2023.08.22"]
[WhiteClock "0:00:18"]
[BlackClock "0:01:31"]
[Board "22"]

1. d4 Nf6 2. c4 e6 3. Nf3 b6 4. g3 Bb7 5. Bg2 Bb4+ 6. Bd2 a5 7. O-O O-O 8. Nc3 d6 9. Qc2 Nbd7 10. b3 Qb8 11. a3 Bxc3 12. Bxc3 Be4 13. Qb2 b5 14. Qd2 a4 15. cxb5 axb3 16. a4 Nb6 17. Qb2 Bc2 18. Nd2 Nxa4 19. Qa3 Nxc3 20. Qxa8 Nxe2+ 21. Kh1 Nxd4 22. Qa3 Qxb5 23. Qb2 e5 24. Rac1 Qd3 25. Nb1 Ne4 26. Na3 h5 27. Nxc2 bxc2 0-1


[Site "https://www.chess.com"]

[Event "Titled Tuesday Blitz August 22 Late 2023"]
[White "Harikrishna, Pentala"]
[Black "Krishnan, Varun"]
[WhiteFideId "5007003"]
[BlackFideId "5054508"]
[WhiteElo "2961"]
[BlackElo "2702"]
[Result "1-0"]
[Round "5"]
[TimeControl "180+1"]
[Date "2023.08.22"]
[WhiteClock "0:00:29"]
[BlackClock "0:00:15"]
[Board "23"]

1. Nf3 d5 2. e3 Nf6 3. c4 e6 4. b3 c5 5. Bb2 Nc6 6. cxd5 exd5 7. Bb5 Bd6 8. O-O O-O 9. h3 Bf5 10. Bxc6 bxc6 11. Be5 Re8 12. Bxd6 Qxd6 13. d3 Bg6 14. Re1 Rad8 15. Qe2 Re7 16. Nbd2 Nd7 17. Rac1 a5 18. Nh4 a4 19. Nxg6 hxg6 20. Rc2 Ra8 21. Rec1 Qb8 22. Qd1 Qb5 23. Rc3 d4 24. exd4 cxd4 25. Rc4 Ne5 26. bxa4 Qa6 27. Rxd4 Nxd3 28. Rc3 Re1+ 29. Qxe1 Nxe1 30. Ne4 Qa5 31. Rxc6 Qe5 32. Rcc4 Nc2 33. Rd3 Qa1+ 34. Kh2 Qxa2 35. Rdc3 Na3 36. Rc8+ Rxc8 37. Rxc8+ Kh7 38. Ng5+ Kh6 39. f4 1-0


[Site "https://www.chess.com"]

[Event "Titled Tuesday Blitz August 22 Late 2023"]
[White "Holt, Conrad"]
[Black "Rastbod, Ali"]
[WhiteFideId "2034387"]
[BlackFideId "12567477"]
[WhiteElo "2929"]
[BlackElo "2688"]
[Result "1-0"]
[Round "5"]
[TimeControl "180+1"]
[Date "2023.08.22"]
[WhiteClock "0:00:56"]
[BlackClock "0:00:26"]
[Board "24"]

1. d4 Nf6 2. c4 e6 3. Nc3 Bb4 4. Qc2 d5 5. cxd5 exd5 6. Bg5 h6 7. Bxf6 Qxf6 8. a3 Bxc3+ 9. Qxc3 O-O 10. e3 Bf5 11. Rc1 c6 12. Ne2 Nd7 13. Nf4 g5 14. Nh5 Qe6 15. h4 f6 16. Ng3 Bg6 17. hxg5 hxg5 18. Bd3 f5 19. Rh6 Kg7 20. Nxf5+ Rxf5 21. Rxg6+ Qxg6 22. g4 Qh6 23. Bxf5 Nf6 24. Qb4 Re8 25. Qxb7+ Kf8 26. Rxc6 1-0


[Site "https://www.chess.com"]

[Event "Titled Tuesday Blitz August 22 Late 2023"]
[White "Alex_Sahakyan2006"]
[Black "Makarian, Rudik"]
[BlackFideId "44105681"]
[WhiteElo "2685"]
[BlackElo "2919"]
[Result "0-1"]
[Round "5"]
[TimeControl "180+1"]
[Date "2023.08.22"]
[WhiteClock "0:00:03"]
[BlackClock "0:00:15"]
[Board "26"]

1. e4 c5 2. Nc3 Nc6 3. Bb5 e6 4. Bxc6 bxc6 5. d3 d5 6. Nf3 Nf6 7. O-O Be7 8. Ne5 Qc7 9. f4 O-O 10. Nf3 c4 11. e5 Nd7 12. dxc4 Ba6 13. b3 dxc4 14. b4 Bxb4 15. Ne4 c3 16. Re1 Rfd8 17. Nfg5 h6 18. Nxf7 Kxf7 19. f5 Kg8 20. Bxh6 Nxe5 21. Qh5 exf5 22. Ng5 gxh6 23. Rxe5 hxg5 24. Rxf5 Bf8 25. h4 Rd7 26. hxg5 Qb6+ 27. Rf2 Qxf2+ 28. Kxf2 Bc5+ 29. Kg3 Bd6+ 30. Kf2 Rf8+ 31. Ke3 Bc5+ 32. Ke4 Re7# 0-1


[Site "https://www.chess.com"]